 Dungeon Crawl Stone Soup version 0.31-a0-222-gefeffbb62a (webtiles) character file.

Game seed: 14575848910315399344

164111 bobo the Skirmisher (level 17, -4/135 HPs)
             Began as a Gnoll Hunter on July 4, 2023.
             Was an Initiate of Gozag.
             Killed from afar by a shock serpent (18 damage)
             ... with a bolt of electricity
             ... on level 3 of the Snake Pit on July 6, 2023.
             The game lasted 02:16:28 (30034 turns).

bobo the Skirmisher (Gnoll Hunter)                 Turns: 30034, Time: 02:16:29

Health: -4/135     AC: 14    Str: 17    XL:     17   Next: 55%
Magic:  0/24       EV: 22    Int: 23    God:    Gozag
Gold:   3348       SH:  0    Dex: 22    Spells: 2/40 levels left

rFire   + . .        v - +2 great sword (vamp)
rCold   + . .        (shield currently unavailable)
rNeg    . . .        C - +2 leather armour {rC+}
rPois   +            j - +2 hat {Stlth+}
rElec   .            l - scarf {repulsion}
rCorr   .            k - +1 pair of gloves {Str+3}
SInv    .            e - +2 pair of boots {rampage}
Will    +....        f - amulet of Bauseuku {Spirit rPois Regen+ MP-9 Slay+5}
Stlth   ++++++       J - ring "Biafruge" {rF+ Str+4 Int+6}
HPRegen 1.22/turn    S - +6 ring of intelligence
MPRegen 0.19/turn

%: repel missiles, guardian spirit, rampage
@: portalling projectiles, gold aura
A: fangs 1, strong nose, distributed training
}: 1/15 runes: decaying
a: Renounce Religion, Potion Petition, Call Merchant, Bribe Branch


You were on level 3 of the Snake Pit.
You worshipped Gozag.
Gozag was most pleased with you.
You visited 5 branches of the dungeon, and saw 26 of its levels.
You also visited: Bailey.

You collected 9047 gold pieces.
You spent 1514 gold pieces at shops.
You paid 4185 gold pieces to Gozag.

Inventory:

Hand Weapons
 s - a +0 arbalest of freezing
 v - a +2 vampiric great sword (weapon)
 z - the +5 orcbow of Wyrd {antimagic, Stlth+}
   (You found it on level 6 of the Dungeon)

   Stlth:     It makes you more stealthy.
Missiles
 g - 61 poisoned darts
 h - 11 atropa-tipped darts
 P - 2 curare-tipped darts
Armour
 a - the +0 chain mail of Inevitability {rC++ Str+2 Stlth-}
   (You found it on level 7 of the Dungeon)

   Str:       It affects your strength (+2).
   rC:        It greatly protects you from cold.
   Stlth:     It makes you less stealthy.
 e - a +2 pair of boots of rampaging (worn)
 j - a +2 hat of stealth (worn)
 k - a +1 pair of gloves of strength (worn)
 l - a scarf of repulsion (worn)
 p - a +0 kite shield of fire resistance
 C - a +2 leather armour of cold resistance (worn)
Jewellery
 c - a +6 ring of intelligence
 f - the amulet of Bauseuku (around neck) {Spirit rPois Regen+ MP-9 Slay+5}
   (You bought it in a shop on level 3 of the Lair of Beasts)

   [amulet of guardian spirit]

   It causes incoming damage to be divided between your reserves of health and
   magic.
   Slay:      It affects your accuracy & damage with ranged weapons and melee
   (+5).
   rPois:     It protects you from poison.
   MP:        It affects your magic capacity (-9).
   Regen:     It increases your rate of health regeneration.
 A - the ring "Ysesik" {Wiz +Blink}
   (You found it on level 2 of the Snake Pit)

   [ring of wizardry]

   It improves your spell success rate.
   +Blink:    It lets you blink.
 J - the ring "Biafruge" (left hand) {rF+ Str+4 Int+6}
   (You found it on level 9 of the Dungeon)

   [ring of intelligence]

   Str:       It affects your strength (+4).
   Int:       It affects your intelligence (+6).
   rF:        It protects you from fire.
 Q - a +6 ring of strength
 S - a +6 ring of intelligence (right hand)
Wands
 t - a wand of roots (17)
 y - a wand of polymorph (9)
 E - a wand of flame (58)
 F - a wand of mindburst (14)
Scrolls
 b - 2 scrolls of fog
 d - 5 scrolls of poison
 n - 3 scrolls of teleportation
 o - 3 scrolls of torment
 r - 7 scrolls of amnesia
 w - 4 scrolls of immolation
 D - 2 scrolls of butterflies
 G - a scroll of acquirement {unknown}
 I - 2 scrolls of vulnerability
 O - 2 scrolls of revelation
 V - a scroll of brand weapon
 W - a scroll of enchant weapon {unknown}
Potions
 i - a potion of cancellation {unknown}
 m - 7 potions of might
 q - 4 potions of brilliance
 u - a potion of heal wounds
 x - a potion of berserk rage {unknown}
 H - 3 potions of enlightenment
 K - 2 potions of haste
 L - 4 potions of curing
 M - 2 potions of magic
 N - 2 potions of attraction {unknown}
 R - 2 potions of mutation
 T - a potion of ambrosia {unknown}
 U - a potion of invisibility
Miscellaneous
 B - a phantom mirror


   Skills:
 + Level 12.9 Fighting
 + Level 12.1 Short Blades
 + Level 12.1 Long Blades
 + Level 12.1 Axes
 + Level 12.1 Maces & Flails
 + Level 12.1 Polearms
 + Level 12.1 Staves
 + Level 14.6 Ranged Weapons
 + Level 12.1 Throwing
 + Level 12.1 Armour
 + Level 12.9 Dodging
 + Level 12.3 Stealth
 + Level 12.1 Shields
 + Level 12.1 Unarmed Combat
 + Level 12.1 Spellcasting
 + Level 10.2 Conjurations
 + Level 10.2 Hexes
 + Level 10.2 Summonings
 + Level 10.2 Necromancy
 + Level 10.2 Translocations
 + Level 10.2 Transmutations
 + Level 10.2 Fire Magic
 + Level 10.2 Ice Magic
 + Level 10.2 Air Magic
 + Level 10.2 Earth Magic
 + Level 10.2 Poison Magic
 + Level 13.2 Invocations
 + Level 12.1 Evocations


You had 2 spell levels left.
You knew the following spells:

 Your Spells              Type           Power      Damage    Failure   Level
a - Wereblood             Tmut           57%        N/A       1%          2
b - Blade Hands           Tmut           28%        N/A       1%          5
c - Borgnjor's Vile Clut  Necr/Erth      28%        N/A       1%          5
e - Inner Flame           Hex/Fire       57%        N/A       1%          3
f - Fireball              Conj/Fire      28%        3d12      1%          5
i - Alistair's Intoxicat  Tmut/Pois      38%        N/A       1%          5
v - Vhi's Electric Charg  Tloc/Air       100%       N/A       1%          3
y - Yara's Violent Unrav  Hex/Tmut       28%        3d12      1%          5
z - Portal Projectile     Hex/Tloc       100%       N/A       1%          3
Z - Blink                 Tloc           100%       N/A       1%          2

Your spell library contained the following spells:

 Spells                   Type           Power      Damage    Failure   Level
 Apportation              Tloc           100%       N/A       1%          1
 Beastly Appendage        Tmut           100%       N/A       1%          1
 Foxfire                  Conj/Fire      100%       2x1d9     1%          1
 Necrotise                Necr           100%       1d9       1%          1
 Summon Small Mammal      Summ           100%       N/A       1%          1
 Cigotuvi's Dreadful Rot  Necr/Pois/Air  100%       N/A       1%          2
 Lesser Beckoning         Tloc           100%       N/A       1%          2
 Momentum Strike          Conj/Tloc      100%       3d10      1%          2
 Static Discharge         Conj/Air       100%       2-7/arc   1%          2
 Sublimation of Blood     Necr           57%        N/A       1%          2
 Spider Form              Tmut/Pois      57%        N/A       1%          3
 Tukima's Dance           Hex            57%        N/A       1%          3
 Airstrike                Air            28%        2d(5-21)  1%          4
 Dispel Undead            Necr           57%        3d20      1%          4
 Passage of Golubria      Tloc           57%        N/A       1%          4
 Summon Lightning Spire   Summ/Air       57%        N/A       1%          4
 Arcjolt                  Conj/Air       28%        1d38      1%          5
 Death Channel            Necr           28%        N/A       12%         6
 Eringya's Noxious Bog    Tmut/Pois      28%        N/A       12%         6
 Plasma Beam              Fire/Air       28%        2x1d41    12%         6
 Starburst                Conj/Fire      28%        6d9       12%         6
 Enfeeble                 Hex            28%        N/A       54%         7
 Summon Hydra             Summ           28%        N/A       54%         7
 Maxwell's Capacitive Co  Air            28%        ∞         99%         8


Dungeon Overview and Level Annotations

Branches:
Dungeon (12/15)            Temple (0/1) D:4            Lair (5/5) D:8
  Swamp (4/4) Lair:2        Snake (3/4) Lair:3        Slime (0/5) Lair:5
    Orc (2/2) D:10            Elf (0/3) Orc:2        Bailey (visited)

Altars:
Gozag
Makhleb
Sif Muna
Trog
Vehumet
Xom
Zin
The Shining One
Jiyva

Shops:
Orc:1 :   Orc:2 :[[[*   Lair:3 =   Snake:2 **

Annotations:
Swamp:3 3 runed translucent doors, Zonian's ghost, adept DEAE
Snake:1 1 runed translucent door, Pooter's ghost, adept MiBe
Orc:2 2 transporters, rinse's ghost, journeyman DrIE


Innate Abilities, Weirdness & Mutations

You have very sharp teeth.
Your uncanny sense of smell can sniff out nearby items.
Your experience applies equally to all skills.


Message History

The shock serpent is almost dead.
The shock serpent closely misses you.
The shock serpent bites you but does no damage.
The shock serpent is engulfed in blazing flames.
You barely miss the shock serpent. Your bite misses the shock serpent.
The shock serpent is almost dead.
The shock serpent is engulfed in blazing flames.
The shock serpent is distracted by your dazzling golden aura.
The shock serpent shoots out a bolt of lightning at you!
The bolt of electricity hits you!
A black mamba comes into view.
The naga mage gestures at the naga sharpshooter while chanting.
The naga sharpshooter seems to grow toxic.
The shock serpent hisses angrily.
The shock serpent attacks as you move away!
The shock serpent bites you! The shock serpent shocks you!
A naga comes into view. It is wielding a +0 trident.
You feel a bit more experienced.
A naga comes into view. It is wielding a +0 halberd.
The shock serpent closely misses you.
The naga moves out of view.
A naga mage comes into view. It is wielding a +0 halberd.
As you read the scroll of fog, it dissolves into smoke.
The shock serpent bites you but does no damage.
The shock serpent completely misses you.
The shock serpent attacks as you move away!
The shock serpent bites you. The shock serpent shocks you!
The shock serpent closely misses you.
The shock serpent shoots out a bolt of lightning at you!
The bolt of electricity misses you. The bolt of electricity hits you!!
* * * LOW HITPOINT WARNING * * *
You hear a shout!
Unknown command.
The shock serpent shoots out a bolt of lightning at you!
The bolt of electricity hits you!!
* * * LOW HITPOINT WARNING * * *
There is a stone staircase leading up here.
The shock serpent shoots out a bolt of lightning at you!
The bolt of electricity is repelled.
The bolt of electricity hits you!!
You die...
Your body crumbles into a pile of gold.

#...# #.#..#.#
#...###.##..# .
#....#))...### ..
####..####...###
#(#.#..##.#####..# #
#....##....##...## #.#
#.#.#.#.>#..#.###..#.#
#. ##..##..#..####.# #
##.....###.@...#
##.....##....##
#.$...#§§S§.#
##..$§#§§§##.#
#...§#§§§.###
#..$N§§#.## #$..#§§#.#
#$......># #N...#.)#.#


You could see a shock serpent.

Vanquished Creatures
  Jorgrun (Orc:1)
  Donald (Snake:2)
  A nagaraja (Snake:2)
  3 ghouls (Swamp:4)
  Aizul (Snake:2)
  4 eleionomae
  8 bunyips
  A fire dragon (Lair:5)
  2 shambling mangroves
  A salamander tyrant (Snake:1)
  17 hydras
  3 ghost crabs
  Erica (Lair:1)
  3 two-headed ogres
  7 anacondas
  5 alligators
  3 shock serpents
  2 spriggan berserkers (Swamp:4)
  7 death yaks
  7 naga warriors
  6 naga sharpshooters
  Nergalle (Lair:1)
  4 orc high priests
  2 skysharks (Lair:4)
  A fire crab (Lair:5)
  A salamander mystic (Snake:1)
  A death drake (Swamp:4)
  A skeletal warrior (D:10)
  5 goliath frogs
  12 bog bodies
  4 spriggan druids
  2 naga ritualists (Snake:1)
  A lindwurm (Lair:5)
  13 swamp dragons
  4 mana vipers (Snake:1)
  An ugly thing (D:12)
  4 orc knights (Orc:2)
  5 orc sorcerers
  3 will-o-the-wisps
  3 salamanders
  2 cyclopes
  A manticore (D:10)
  7 elephants
  Joseph (Lair:1)
  18 black mambas
  A guardian serpent (Snake:1)
  2 molten gargoyles (Lair:5)
  A torpor snail (Lair:5)
  8 naga magi
  8 cane toads
  A gargoyle (D:11)
  A rime drake (Lair:2)
  2 kobold demonologists
  An unseen horror (D:11)
  13 komodo dragons
  4 trolls
  4 polar bears
  The ghost of AwFulAwFulPlayer the Poker, an amateur MfDe of Cheibriados (D:5)
  13 hornets
  11 tyrant leeches
  11 dream sheep
  Prince Ribbit (D:7)
  17 blink frogs
  Sigmund (D:3)
  9 spriggans
  3 shadows (D:11)
  34 yaks
  8 wyverns
  10 basilisks
  Edmund (D:4)
  3 wargs
  14 nagas
  7 vampire mosquitoes
  23 swamp worms
  2 steam dragons (Lair:5)
  4 hell hounds (Lair:5)
  Duvessa (D:4)
  An acid dragon (D:11)
  11 water moccasins
  19 orc warriors
  11 swamp drakes
  2 ice beasts (D:7)
  3 black bears
  4 ogres
  20 wolves
  14 centaurs
  6 kobold brigands
  3 gnoll sergeants
  12 bullfrogs
  A scorpion (D:5)
  5 wights (D:9)
  Dowan (D:4)
  6 killer bees
  An electric eel (Lair:2)
  3 howler monkeys (D:9)
  9 lava snakes
  6 hounds
  5 jellies
  21 orc priests
  Crazy Yiuf (D:6)
  A gnoll bouda (D:7)
  2 sleepcaps (D:5)
  Jessica (D:3)
  5 iguanas
  Terence (D:3)
  19 orc wizards
  Robin (D:3)
  18 gnolls
  8 adders
  A shadow imp (D:6)
  3 white imps
  A worm (D:4)
  A dart slug (D:1)
  89 orcs
  8 bats
  13 endoplasms
  2 giant cockroaches
  21 goblins
  14 hobgoblins
  3 quokkas
  5 ball pythons
  5 frilled lizards
  17 kobolds
  8 rats
813 creatures vanquished.

Vanquished Creatures (others)
  A dancing weapon (D:11)
  A naga (Snake:2)
  An orc (Orc:1)
  6 foxfires
9 creatures vanquished.

Grand Total: 822 creatures vanquished

Notes
Turn   | Place    | Note
-------+----------+-------------------------------------------
     0 | D:1      | bobo the Gnoll Hunter began the quest for the Orb.
     0 | D:1      | Reached XP level 1. HP: 20/20 MP: 1/1
   165 | D:1      | Reached XP level 2. HP: 26/26 MP: 2/2
   391 | D:1      | Reached XP level 3. HP: 31/31 MP: 3/3
   770 | D:2      | Reached skill level 1 in Invocations
  1045 | D:2      | Reached skill level 1 in Short Blades
  1045 | D:2      | Reached skill level 1 in Long Blades
  1045 | D:2      | Reached skill level 1 in Axes
  1045 | D:2      | Reached skill level 1 in Maces & Flails
  1045 | D:2      | Reached skill level 1 in Polearms
  1045 | D:2      | Reached skill level 1 in Staves
  1045 | D:2      | Reached skill level 1 in Throwing
  1045 | D:2      | Reached skill level 1 in Armour
  1045 | D:2      | Reached skill level 1 in Shields
  1045 | D:2      | Reached skill level 1 in Unarmed Combat
  1045 | D:2      | Reached skill level 1 in Spellcasting
  1045 | D:2      | Reached skill level 1 in Evocations
  1225 | D:2      | Reached XP level 4. HP: 27/38 MP: 5/5
  1511 | D:3      | Noticed Jessica
  1512 | D:3      | Killed Jessica
  1513 | D:3      | Reached skill level 1 in Conjurations
  1513 | D:3      | Reached skill level 1 in Hexes
  1513 | D:3      | Reached skill level 1 in Summonings
  1513 | D:3      | Reached skill level 1 in Necromancy
  1513 | D:3      | Reached skill level 1 in Translocations
  1513 | D:3      | Reached skill level 1 in Transmutations
  1513 | D:3      | Reached skill level 1 in Fire Magic
  1513 | D:3      | Reached skill level 1 in Ice Magic
  1513 | D:3      | Reached skill level 1 in Air Magic
  1513 | D:3      | Reached skill level 1 in Earth Magic
  1513 | D:3      | Reached skill level 1 in Poison Magic
  1520 | D:3      | Noticed Sigmund
  1587 | D:3      | Noticed Terence
  1601 | D:3      | Killed Terence
  1602 | D:3      | Reached XP level 5. HP: 40/43 MP: 5/7
  1886 | D:3      | Found an opulent altar of Gozag.
  1902 | D:3      | Became a worshipper of Gozag Ym Sagoz the Greedy
  1958 | D:3      | Noticed Robin
  2023 | D:3      | Killed Robin
  2347 | D:3      | Killed Sigmund
  2348 | D:3      | Reached skill level 5 in Fighting
  2348 | D:3      | Reached skill level 5 in Dodging
  2348 | D:3      | Reached XP level 6. HP: 22/51 MP: 7/9
  2590 | D:4      | Noticed Edmund
  2745 | D:4      | Found a staircase to the Ecumenical Temple.
  2828 | D:4      | Noticed Duvessa
  2829 | D:4      | Noticed Dowan
  3034 | D:4      | Reached XP level 7. HP: 55/56 MP: 10/10
  3301 | D:4      | Killed Dowan
  3713 | D:5      | Entered Level 5 of the Dungeon
  3849 | D:5      | Reached skill level 9 in Ranged Weapons
  3921 | D:5      | Found a burning altar of Makhleb.
  3936 | D:5      | Found a large runed translucent door.
  3936 | D:5      | Found a large runed translucent door.
  3938 | D:5      | Noticed AwFulAwFulPlayer's ghost (amateur MfDe)
  4130 | D:5      | Reached XP level 8. HP: 63/63 MP: 12/12
  4133 | D:5      | Learned a level 2 spell: Wereblood
  4798 | D:6      | Found a runed translucent door.
  4799 | D:6      | Noticed Crazy Yiuf
  4953 | D:6      | Noticed a kobold demonologist
  4963 | D:6      | Killed a kobold demonologist
  4977 | D:6      | Reached XP level 9. HP: 69/69 MP: 14/14
  5109 | D:6      | Identified the +5 orcbow of Wyrd {antimagic, Stlth+}
  5415 | D:6      | Killed Crazy Yiuf
  5795 | D:7      | Reached skill level 5 in Stealth
  5934 | D:7      | Reached skill level 5 in Invocations
  6078 | D:7      | Identified the +0 chain mail of Inevitability {rC++ Str+2
                  | Stlth-}
  6110 | D:7      | Noticed Prince Ribbit
  6117 | D:7      | Killed Prince Ribbit
  6224 | D:7      | Found a glowing golden altar of the Shining One.
  6435 | D:8      | Found a flagged portal.
  6451 | D:8      | Found a staircase to the Lair.
  6455 | Bailey   | Entered a bailey
  6496 | Bailey   | Reached skill level 5 in Short Blades
  6496 | Bailey   | Reached skill level 5 in Long Blades
  6496 | Bailey   | Reached skill level 5 in Axes
  6496 | Bailey   | Reached skill level 5 in Maces & Flails
  6496 | Bailey   | Reached skill level 5 in Polearms
  6496 | Bailey   | Reached skill level 5 in Staves
  6496 | Bailey   | Reached skill level 5 in Throwing
  6496 | Bailey   | Reached skill level 5 in Armour
  6496 | Bailey   | Reached skill level 5 in Shields
  6496 | Bailey   | Reached skill level 5 in Unarmed Combat
  6496 | Bailey   | Reached skill level 5 in Spellcasting
  6496 | Bailey   | Reached skill level 5 in Evocations
  6496 | Bailey   | Reached XP level 10. HP: 77/77 MP: 5/17
  6637 | Bailey   | Reached skill level 10 in Ranged Weapons
  7316 | D:8      | Found a glowing silver altar of Zin.
  7401 | D:8      | Found a radiant altar of Vehumet.
  8266 | D:9      | Reached skill level 5 in Conjurations
  8266 | D:9      | Reached skill level 5 in Hexes
  8266 | D:9      | Reached skill level 5 in Summonings
  8266 | D:9      | Reached skill level 5 in Necromancy
  8266 | D:9      | Reached skill level 5 in Translocations
  8266 | D:9      | Reached skill level 5 in Transmutations
  8266 | D:9      | Reached skill level 5 in Fire Magic
  8266 | D:9      | Reached skill level 5 in Ice Magic
  8266 | D:9      | Reached skill level 5 in Air Magic
  8266 | D:9      | Reached skill level 5 in Earth Magic
  8266 | D:9      | Reached skill level 5 in Poison Magic
  8266 | D:9      | Reached XP level 11. HP: 86/86 MP: 7/21
  8398 | D:9      | Learned a level 3 spell: Portal Projectile
  8425 | Lair:1   | Entered Level 1 of the Lair of Beasts
  8425 | Lair:1   | Found a bloodstained altar of Trog.
  8440 | Lair:1   | Reached skill level 11 in Ranged Weapons
  8464 | Lair:1   | Reached XP level 12. HP: 53/94 MP: 7/22
  8530 | Lair:1   | Noticed Nergalle
  8549 | Lair:1   | Killed Nergalle
  8591 | Lair:1   | Noticed Joseph
  8598 | Lair:1   | Killed Joseph
  8607 | Lair:1   | Learned a level 3 spell: Tukima's Dance
  8769 | Lair:1   | Noticed Erica
  8783 | Lair:1   | Killed Erica
  9585 | Lair:2   | Found a shimmering blue altar of Sif Muna.
 10348 | Lair:2   | Reached XP level 13. HP: 101/101 MP: 8/25
 10827 | Lair:2   | Found a staircase to the Swamp.
 11394 | Lair:3   | Bought the amulet of Bauseuku {Spirit rPois Regen+ MP-9
                  | Slay+5} for 692 gold pieces
 11724 | D:9      | Identified the ring "Biafruge" {rF+ Str+4 Int+6}
 11733 | D:9      | Learned a level 5 spell: Blade Hands
 11739 | D:9      | Learned a level 5 spell: Fireball
 12199 | D:10     | Entered Level 10 of the Dungeon
 12292 | D:10     | Found a staircase to the Orcish Mines.
 12716 | D:10     | Reached skill level 12 in Ranged Weapons
 13757 | D:11     | Reached skill level 10 in Fighting
 13757 | D:11     | Reached skill level 10 in Dodging
 14232 | Orc:1    | Entered Level 1 of the Orcish Mines
 14273 | Orc:1    | Found Dasegg's Book Shoppe.
 14308 | Orc:1    | Bought a book of Spatial Translocations for 198 gold pieces
 14311 | Orc:1    | Learned a level 2 spell: Blink
 14404 | Orc:1    | Noticed Jorgrun
 14570 | Orc:1    | Killed Jorgrun
 14775 | Orc:2    | Entered Level 2 of the Orcish Mines
 14775 | Orc:2    | Found a staircase to the Elven Halls.
 14801 | Orc:2    | Found Ucemuhy's Book Shoppe.
 14925 | Orc:2    | Reached XP level 14. HP: 92/110 MP: 4/27
 14989 | Orc:2    | Reached skill level 10 in Invocations
 15073 | Orc:2    | Noticed rinse's ghost (journeyman DrIE)
 15074 | Orc:2    | Found a transporter.
 15077 | Orc:2    | Found a bloodstained altar of Trog.
 15084 | Orc:2    | Identified the +6 double sword of Anger {freeze, rElec
                  | rPois}
 15091 | Orc:2    | Found a transporter.
 15285 | Orc:2    | Found Zeskymut's Armour Shoppe.
 15285 | Orc:2    | Found Sunwissu's Antique Armour Shop.
 15290 | Orc:2    | Found Taiwox's General Store.
 15290 | Orc:2    | Found Rag Unoe's Armour Shop.
 15296 | Orc:2    | Bought a scarf of repulsion for 192 gold pieces
 15320 | Orc:2    | Bought a +2 pair of boots of rampaging for 344 gold pieces
 15649 | Swamp:1  | Entered Level 1 of the Swamp
 15879 | Lair:3   | Found a staircase to the Snake Pit.
 16552 | Lair:4   | Reached skill level 10 in Stealth
 17034 | Lair:4   | Learned a level 5 spell: Borgnjor's Vile Clutch
 17578 | Lair:5   | Entered Level 5 of the Lair of Beasts
 17578 | Lair:5   | Found a burning altar of Makhleb.
 18085 | Lair:5   | Reached skill level 10 in Short Blades
 18085 | Lair:5   | Reached skill level 10 in Long Blades
 18085 | Lair:5   | Reached skill level 10 in Axes
 18085 | Lair:5   | Reached skill level 10 in Maces & Flails
 18085 | Lair:5   | Reached skill level 10 in Polearms
 18085 | Lair:5   | Reached skill level 10 in Staves
 18085 | Lair:5   | Reached skill level 10 in Throwing
 18085 | Lair:5   | Reached skill level 10 in Armour
 18085 | Lair:5   | Reached skill level 10 in Shields
 18085 | Lair:5   | Reached skill level 10 in Unarmed Combat
 18085 | Lair:5   | Reached skill level 10 in Spellcasting
 18085 | Lair:5   | Reached skill level 10 in Evocations
 18088 | Lair:5   | Found a viscous altar of Jiyva.
 18089 | Lair:5   | Found a staircase to the Slime Pits.
 18113 | Lair:5   | Reached skill level 13 in Ranged Weapons
 18129 | Lair:5   | Reached XP level 15. HP: 55/118 MP: 3/29
 18330 | Lair:5   | Identified the +1 leather armour of Winter {+Inv rPois}
 18587 | Lair:5   | Learned a level 3 spell: Vhi's Electric Charge
 19424 | Lair:5   | Found a large runed translucent door.
 19425 | Lair:5   | Found a large runed translucent door.
 20077 | D:4      | Killed Edmund
 20096 | D:4      | Killed Duvessa
 20134 | D:5      | Killed AwFulAwFulPlayer's ghost
 20295 | Snake:1  | Entered Level 1 of the Snake Pit
 20458 | Snake:1  | Learned a level 5 spell: Alistair's Intoxication
 20837 | Snake:1  | Found a runed translucent door.
 20837 | Snake:1  | Found a shimmering altar of Xom.
 20837 | Snake:1  | Noticed Pooter's ghost (adept MiBe)
 22748 | Swamp:2  | Reached XP level 16. HP: 127/127 MP: 11/30
 22758 | Swamp:1  | Learned a level 3 spell: Inner Flame
 23349 | Swamp:2  | Identified the +11 rapier of Mourning {flame, Str+6}
 24639 | Swamp:3  | Found a runed translucent gate.
 24647 | Swamp:3  | Found a runed translucent gate.
 24650 | Swamp:3  | Found a runed translucent gate.
 24651 | Swamp:3  | Noticed Zonian's ghost (adept DEAE)
 25229 | Swamp:3  | Reached skill level 14 in Ranged Weapons
 25604 | Swamp:4  | Entered Level 4 of the Swamp
 27052 | Swamp:4  | Reached XP level 17. HP: 93/135 MP: 4/32
 27483 | Swamp:4  | Reached skill level 10 in Conjurations
 27483 | Swamp:4  | Reached skill level 10 in Hexes
 27483 | Swamp:4  | Reached skill level 10 in Summonings
 27483 | Swamp:4  | Reached skill level 10 in Necromancy
 27483 | Swamp:4  | Reached skill level 10 in Translocations
 27483 | Swamp:4  | Reached skill level 10 in Transmutations
 27483 | Swamp:4  | Reached skill level 10 in Fire Magic
 27483 | Swamp:4  | Reached skill level 10 in Ice Magic
 27483 | Swamp:4  | Reached skill level 10 in Air Magic
 27483 | Swamp:4  | Reached skill level 10 in Earth Magic
 27483 | Swamp:4  | Reached skill level 10 in Poison Magic
 27483 | Swamp:4  | Upgraded the game from 0.31-a0-221-gbddc013574 to
                  | 0.31-a0-222-gefeffbb62a
 27879 | Swamp:4  | Got a decaying rune of Zot
 28626 | Snake:2  | Noticed Donald
 28635 | Snake:2  | Killed Donald
 28652 | Snake:2  | Learned a level 5 spell: Yara's Violent Unravelling
 28800 | Snake:2  | Noticed Aizul
 28818 | Snake:2  | Killed Aizul
 29047 | Snake:2  | Identified the ring "Ysesik" {Wiz +Blink}
 29392 | Snake:2  | Found Camaz's Assorted Antiques.
 29392 | Snake:2  | Found Jewufair's General Store.
 29414 | Snake:2  | Bought a potion of mutation for 88 gold pieces
 30034 | Snake:3  | Killed from afar by a shock serpent

Illustrated notes

Levels and vault maps discovered:
D:1:      roderic_octagonal_star, layout_basic
D:2:      layout_loops_corners, minmay_small_reverse_x
D:3:      layout_basic, mainiacjoe_overflow_catwalk, minmay_tree_intersection,
          uniq_terence, uniq_sigmund, uniq_robin, uniq_jessica
D:4:      cheibrodos_greedy_goblins, layout_basic, minmay_temple_entry_mist,
          uniq_edmund, uniq_duvessa
D:5:      layout_rooms, makhleb_heckhound_becter, ebering_ghost_disaster_area
D:6:      layout_basic, uniq_crazy_yiuf_cottage
D:7:      layout_cave_pools, nicolae_tso_swordbearing_angel, uniq_prince_ribbit1
D:8:      layout_loops_cross, zin_scriptorium, vehumet_altar_wand_db,
          lair_entry_dummy, serial_rivers, chequers_serial_rivers_micro_d,
          chequers_serial_rivers_micro_c, chequers_serial_rivers_micro_c,
          chequers_serial_rivers_micro_e, chequers_serial_rivers_room_a,
          enter_bailey_5
D:9:      layout_irregular_city, serial_bayou, serial_bayou_lagoon_a,
          serial_bayou_crossing, serial_bayou_pond_d, serial_bayou_pond_a,
          the_hattery
D:10:     layout_irregular_city, orc_0_dummy, minivault_20
D:11:     layout_roguey
D:12:     layout_roguey, gammafunk_ghost_hive, minivault_13
Lair:1:   layout_loops_ring, basic_altar, uniq_joseph, uniq_erica, uniq_nergalle
Lair:2:   layout_layer_cave, nicolae_swamp_entry_splash_gauntlet, basic_altar,
          serial_bayou_ford_a, lemuel_fruit_tree
Lair:3:   layout_gridlike, nicolae_snake_entry_warm_welcome
Lair:4:   layout_cave_pods
Lair:5:   cheibrodos_lair_end_hotspot, layout_long_grid,
          nicolae_slime_entry_slimehenge, basic_altar
Swamp:1:  layout_basic_swamp, evilmike_swamp_ruin_rubble_1, swamp_pool5
Swamp:2:  layout_basic_swamp, nicolae_swamp_tree_designs, swamp_pool5,
          nicolae_swamp_round_clearing, hangedman_swamp_wriggling,
          infiniplex_staircase_pool_2
Swamp:3:  layout_falls_marsh, ebering_ghost_rock_garden,
          nicolae_swamp_dense_foliage, swamp_pool3, infiniplex_staircase_pool
Swamp:4:  swamp_alternative, layout_basic_swamp, nicolae_swamp_big_swirl
Snake:1:  layout_onion, ebering_ghost_xom, grunt_ministairs_6
Snake:2:  layout_cave_shapes, nicolae_triple_integral, minmay_shoptagon,
          uniq_aizul, uniq_donald
Snake:3:  layout_onion_interference, nicolae_elevator_lobby_asterisk
Orc:1:    layout_caves, serial_shops, shop, basic_altar, nicolae_orc_lava_room,
          uniq_jorgrun
Orc:2:    grunt_orc_tribal_feast, layout_caves, serial_shops,
          nicolae_book_shop_shelving, gammafunk_ghost_wrathful_warriors

Skill      XL: |  1  2  3  4  5  6  7  8  9 10 11 12 13 14 15 16 17 |
---------------+----------------------------------------------------+-----
Invocations    | 1 2 3 4 5 7 8 9 10 11 12 13 | 13.2
Short Blades   | 1 2 3 5 6 7 8 9 10 11 12 | 12.1
Long Blades    | 1 2 3 5 6 7 8 9 10 11 12 | 12.1
Axes           | 1 2 3 5 6 7 8 9 10 11 12 | 12.1
Maces & Flails | 1 2 3 5 6 7 8 9 10 11 12 | 12.1
Polearms       | 1 2 3 5 6 7 8 9 10 11 12 | 12.1
Staves         | 1 2 3 5 6 7 8 9 10 11 12 | 12.1
Throwing       | 1 2 3 5 6 7 8 9 10 11 12 | 12.1
Armour         | 1 2 3 5 6 7 8 9 10 11 12 | 12.1
Shields        | 1 2 3 5 6 7 8 9 10 11 12 | 12.1
Unarmed Combat | 1 2 3 5 6 7 8 9 10 11 12 | 12.1
Spellcasting   | 1 2 3 5 6 7 8 9 10 11 12 | 12.1
Evocations     | 1 2 3 5 6 7 8 9 10 11 12 | 12.1
Conjurations   | 1 2 3 4 5 6 7 8 9 10 | 10.2
Hexes          | 1 2 3 4 5 6 7 8 9 10 | 10.2
Summonings     | 1 2 3 4 5 6 7 8 9 10 | 10.2
Necromancy     | 1 2 3 4 5 6 7 8 9 10 | 10.2
Translocations | 1 2 3 4 5 6 7 8 9 10 | 10.2
Transmutations | 1 2 3 4 5 6 7 8 9 10 | 10.2
Fire Magic     | 1 2 3 4 5 6 7 8 9 10 | 10.2
Ice Magic      | 1 2 3 4 5 6 7 8 9 10 | 10.2
Air Magic      | 1 2 3 4 5 6 7 8 9 10 | 10.2
Earth Magic    | 1 2 3 4 5 6 7 8 9 10 | 10.2
Poison Magic   | 1 2 3 4 5 6 7 8 9 10 | 10.2
Fighting       | 5 6 8 9 10 11 12 | 12.9
Dodging        | 5 6 8 9 10 11 12 | 12.9
Stealth        | 3 4 5 7 8 9 10 11 12 | 12.3
Ranged Weapons | 9 10 11 12 13 14 | 14.6

Action                     |  1- 3 |  4- 6 |  7- 9 | 10-12 | 13-15 | 16-18 || total
---------------------------+-------+-------+-------+-------+-------+-------++-------
  Melee: Triple sword      |       |       |       |     4 |       |       ||     4
         Unarmed           |       |       |       |       |   170 |    44 ||   214
         Bite              |       |       |       |       |    30 |    19 ||    49
         Punch             |       |       |       |       |    11 |     5 ||    16
         Great sword       |       |       |       |       |    73 |    57 ||   130
   Fire: Shortbow          |    79 |   185 |   175 |       |       |       ||   439
         Arbalest          |       |       |    84 |       |   410 |   444 ||   938
         Orcbow            |       |       |   151 |   586 |   415 |       ||  1152
  Throw: Dart              |       |       |       |     2 |     6 |       ||     8
   Cast: Wereblood         |       |       |     9 |    29 |    16 |     1 ||    55
         Portal Projectile |       |       |       |     2 |     4 |     4 ||    10
         Blade Hands       |       |       |       |       |    20 |    13 ||    33
         Tukima's Dance    |       |       |       |       |     2 |       ||     2
         Fireball          |       |       |       |       |     8 |    25 ||    33
         Borgnjor's Vile C |       |       |       |       |    44 |    69 ||   113
         Blink             |       |       |       |       |    10 |    10 ||    20
         Alistair's Intoxi |       |       |       |       |     4 |     1 ||     5
         Inner Flame       |       |       |       |       |       |     6 ||     6
 Invoke: Potion Petition   |       |       |       |     1 |     5 |     1 ||     7
         Call Merchant     |       |       |       |       |     1 |       ||     1
Ability: End Transformatio |       |       |       |       |    12 |    10 ||    22
  Evoke: Wand              |       |       |     1 |     2 |     7 |       ||    10
         Phantom mirror    |       |       |       |       |     1 |       ||     1
    Use: Scroll            |       |     4 |     2 |     9 |    15 |    11 ||    41
         Potion            |       |     2 |     1 |     5 |     6 |       ||    14
   Stab: Invisible         |       |       |       |       |     9 |       ||     9
         Distracted        |       |       |       |       |     3 |     1 ||     4
 Armour: Leather armour    |     1 |     9 |    30 |    56 |   144 |    45 ||   285
  Dodge: Dodged            |    16 |    44 |   112 |   233 |   450 |   207 ||  1062
         Repelled          |       |       |       |       |     7 |    25 ||    32

Table legend: (Time is in decaauts)
 A = Elapsed time spent in this place.
 B = Non-inter-level travel time spent in this place.
 C = Inter-level travel time spent in this place.
 D = Time resting spent in this place.
 E = Time spent auto-exploring this place.
 F = Levels seen in this place.
 G = Mean time per level.
                   A        B        C        D        E       F      G
               +--------+--------+--------+--------+--------+-----+--------+
         Total |  30589 |  28471 |   2118 |   1964 |  19156 |  27 | 1132.9 |
       Dungeon |  10731 |   9681 |   1050 |    119 |   7268 |  12 |  894.2 |
          Lair |   7738 |   7060 |    678 |    215 |   5199 |   5 | 1547.6 |
         Swamp |   6622 |   6407 |    215 |   1103 |   3600 |   4 | 1655.5 |
     Snake Pit |   3413 |   3284 |    129 |    396 |   2248 |   3 | 1137.7 |
  Orcish Mines |   1279 |   1234 |     45 |    124 |    563 |   2 |  639.5 |
        Bailey |    804 |    804 |      0 |      7 |    278 |   1 |  804.0 |
               +--------+--------+--------+--------+--------+-----+--------+

Top non-repeatable levels by time:
 Swamp:4: 2321 daAuts
  Lair:5: 2271 daAuts
  Lair:2: 1871 daAuts
 Swamp:3: 1788 daAuts
 Snake:1: 1742 daAuts
 Swamp:2: 1602 daAuts
 Snake:2: 1524 daAuts
     D:6: 1310 daAuts
     D:4: 1252 daAuts
  Lair:1: 1238 daAuts
  Lair:3: 1201 daAuts
  Lair:4: 1154 daAuts
     D:3: 1003 daAuts
     D:8: 996 daAuts
     D:9: 986 daAuts
